 Dungeon Crawl Stone Soup version 0.24.0-123-gd5b16e6ec5 (webtiles) character file.

Game seed: 1288186979677934799, levelgen mode: deterministic

94 Elellon the Covered (level 4, -2/42 HPs)
             Began as a Deep Dwarf Fighter on Jan 9, 2020.
             Killed by divine providence
             ... invoked by an orc priest
              (10 damage)
             ... on level 3 of the Dungeon.
             The game lasted 00:03:04 (1821 turns).

Elellon the Covered (Deep Dwarf Fighter)            Turns: 1821, Time: 00:03:04

Health: -2/42      AC:  7    Str: 20    XL:     4   Next: 38%
Magic:  3/3        EV:  7    Int:  9    God:
Gold:   135        SH: 11    Dex: 12    Spells: 3/3 levels left

rFire    . . .     SeeInvis .   a - +0 war axe
rCold    + . .     Gourm    .   k - +2 shield {rC+}
rNeg     . . .     Faith    .   b - +0 scale mail
rPois    .         Spirit   .   (no helmet)
rElec    .         Reflect  .   (no cloak)
rCorr    .         Harm     .   (no gloves)
MR       .....                  (no boots)
Stlth    ..........             (no amulet)
HPRegen  0.00/turn              (no ring)
MPRegen  0.08/turn              (no ring)

@: non-regenerating
A: damage resistance, heal wounds, sense surroundings 1, no regeneration
a: Heal Wounds


You were on level 3 of the Dungeon.
You were not hungry.

You visited 1 branch of the dungeon, and saw 3 of its levels.

You collected 135 gold pieces.

Inventory:

Hand Weapons
 a - a +0 war axe (weapon)
Armour
 b - a +0 scale mail (worn)
 c - a +0 shield
 k - a +2 shield of cold resistance (worn)
Scrolls
 e - 3 scrolls of identify {unknown}
 g - 2 scrolls of amnesia {unknown}
 i - 3 scrolls of remove curse {unknown}
 j - a scroll of magic mapping {unknown}
 l - a scroll of blinking {unknown}
 m - a scroll of immolation {unknown}
 n - 2 scrolls of teleportation {unknown}
 o - a scroll of fog {unknown}
Potions
 d - a potion of might
 h - a potion of curing {unknown}
Comestibles
 f - 3 rations
 p - a chunk of flesh


   Skills:
 + Level 3.2 Fighting
 * Level 3.6 Axes
 + Level 3.9 Armour
 + Level 3.8 Shields


You had 3 spell levels left.
You didn't know any spells.
Your spell library was empty.

Dungeon Overview and Level Annotations

Branches:
Dungeon (3/15)

Altars:
Kikubaaqudgha
Vehumet


Innate Abilities, Weirdness & Mutations

You are resistant to damage.
You can heal yourself by infusing magical energy.
You passively map a small area around you.
You do not regenerate.


Message History

The orc priest casts a cantrip, but nothing happens.
You hit the orc priest but do no damage.
The orc priest is almost dead.
The orc priest hits you but does no damage.
You hit the orc priest.
The orc priest is almost dead.
The orc priest begins to cast a cantrip, but forgets the words!
You block the orc priest's attack.
You barely miss the orc priest.
The orc priest is almost dead.
The orc priest hits you but does no damage.
You barely miss the orc priest.
The orc priest is almost dead.
You block the orc priest's attack.
Your shield prevents you from hitting the orc priest.
The orc priest is almost dead.
The orc priest hits you.
The orc priest invokes the aid of Beogh against you.
Beogh smites you!
You die...

#### ############...
#.............# **
#####......#####..#
#.@)...........#...
*
#o#########.)..#..#
* * #.#,
.....#..<....# *,
#.##.._..##.#.#...#
, ,
#.).......P.#.##...
,#..........P#.##...
,
##PP.###..........#
* #....#.......###.#
,
*#....o.P..######'#


You could see an orc priest.

Vanquished Creatures
  2 adders (D:3)
  3 gnolls (D:2)
  A worm (D:2)
  2 leopard geckos (D:1)
  An orc (D:3)
  4 bats
  A giant cockroach (D:1)
  3 goblins
  7 hobgoblins
  A quokka (D:2)
  3 frilled lizards
  11 kobolds
  5 rats
44 creatures vanquished.

Vanquished Creatures (others)
  2 withered plants (D:3)
2 creatures vanquished.

Grand Total: 46 creatures vanquished

Notes
Turn   | Place    | Note
-------+----------+-------------------------------------------
     0 | D:1      | Elellon the Deep Dwarf Fighter began the quest for the Orb.
     0 | D:1      | Reached XP level 1. HP: 20/20 MP: 1/1
   216 | D:1      | Reached XP level 2. HP: 27/27 MP: 2/2
   805 | D:2      | Found a radiant altar of Vehumet.
   954 | D:2      | Reached XP level 3. HP: 26/33 MP: 3/3
  1601 | D:3      | Reached XP level 4. HP: 34/42 MP: 3/3
  1800 | D:3      | Found an ancient bone altar of Kikubaaqudgha.
  1821 | D:3      | Killed from afar by an orc priest

Levels and vault maps discovered:
D:1:      dpeg_arrival_lava_altar, layout_loops_ring, minmay_misc_feat_encased,
          serial_park_tiny_2
D:2:      layout_basic, lemuel_crystal_altar
D:3:      layout_loops_corners, nemelex_xobeh_ov_fountains_minmay,
          fedhas_altar_4, kiku_gazebo_garden_becter

Skill      XL: |  1  2  3 |
---------------+----------+-----
Axes           | 3 |  3.6
Fighting       | 3 |  3.2
Armour         | |  3.9
Shields        | |  3.8

Action                   |  1- 3 |  4- 6 || total
-------------------------+-------+-------++-------
Melee: War axe           |    84 |    36 ||   120
 Abil: Heal Wounds       |     1 |       ||     1
  Eat: Chunk             |     2 |     1 ||     3
Armor: Scale mail        |    33 |    15 ||    48
Dodge: Dodged            |    15 |     8 ||    23
Block: Shield            |    43 |    26 ||    69
